 Dungeon Crawl Stone Soup version 0.22.1-1-ga44c0e56f4 (webtiles) character file.

241 Sephro the Skirmisher (level 6, 0/48 HPs)
             Began as a Human Berserker on Oct 22, 2018.
             Was a Believer of Trog.
             Slain by a gnoll
             ... wielding a +3 spear
              (6 damage)
             ... on level 4 of the Dungeon.
             The game lasted 00:09:43 (2823 turns).

Sephro the Skirmisher (Human Berserker)             Turns: 2823, Time: 00:09:44

Health: 0/48       AC:  5    Str: 19    XL:     6   Next: 30%
Magic:  6/6        EV: 12    Int:  7    God:    Trog [**....]
Gold:   163        SH:  0    Dex: 13    Spells: 5/5 levels left

rFire    . . .     SeeInvis .   a - +0 hand axe
rCold    . . .     Gourm    .   (no shield)
rNeg     . . .     Faith    .   d - +0 ring mail
rPois    .         Spirit   .   (no helmet)
rElec    .         Reflect  .   (no cloak)
rCorr    .         Harm     .   (no gloves)
MR       .....                  (no boots)
Stlth    +.........             (no amulet)
HPRegen  0.16/turn              (no ring)
MPRegen  0.10/turn              (no ring)

@: berserk cooldown, slowed, glowing, very slow
A: no striking features
a: Berserk, Trog's Hand, Renounce Religion


You were on level 4 of the Dungeon.
You worshipped Trog.
Trog was pleased with you.
You were very hungry.

You visited 1 branch of the dungeon, and saw 4 of its levels.

You collected 163 gold pieces.

Inventory:

Hand Weapons
 a - a +0 hand axe (weapon)
Missiles
 k - 4 javelins (quivered)
Armour
 d - a +0 ring mail (worn)
Wands
 p - a wand of paralysis (10)
Scrolls
 b - 3 scrolls of identify
 g - a scroll of remove curse {unknown}
 h - a scroll of teleportation {unknown}
 l - 3 scrolls of fear
Potions
 e - a potion of brilliance {unknown}
 f - a potion of berserk rage {unknown}
 j - a potion of heal wounds {unknown}
 m - a potion of ambrosia
 o - a potion of haste {unknown}
 q - a potion of magic {unknown}
 r - a potion of might {unknown}
Comestibles
 c - 6 rations


   Skills:
 + Level 4.2 Fighting
 + Level 4.1 Axes
 + Level 3.5 Armour
 + Level 3.4 Dodging


You had 5 spell levels left.
You didn't know any spells.
Your spell library was empty.

Dungeon Overview and Level Annotations

Branches:
Dungeon (4/15)
 Temple: D:4-7

Altars:
Elyvilon
Gozag


Message History

You feel yourself slow down. The gnoll completely misses you.
You hit the gnoll.
The gnoll is moderately wounded.
The gnoll misses you.
The gnoll hits you with an enchanted spear.
You barely miss the gnoll.
The gnoll is moderately wounded.
The gnoll misses you.
All of the chunks of flesh in your inventory have rotted away.
You hit the gnoll.
The gnoll is severely wounded.
The gnoll hits you with an enchanted spear. x2
You hit the gnoll.
The gnoll is severely wounded.
The gnoll hits you with an enchanted spear! x2
* * * LOW HITPOINT WARNING * * *
You closely miss the gnoll.
The gnoll is severely wounded.
The gnoll hits you with an enchanted spear.
You die...

###########
#.........#
#.........#
#.........#
#<.().g...#
#....@....#
#....†....#
#.).......#
#.....$..<#
####.######
... ....
.....#


You could see a gnoll.

Vanquished Creatures
  An orc priest (D:3)
  A gnoll shaman (D:4)
  Jessica (D:2)
  Ijyb (D:3)
  2 gnolls (D:4)
  5 adders
  An ooze (D:3)
  A worm (D:2)
  A dart slug (D:1)
  2 orcs (D:3)
  4 giant cockroaches
  6 hobgoblins
  2 quokkas (D:3)
  3 ball pythons
  9 bats
  3 frilled lizards
  8 goblins
  7 kobolds
  3 rats
61 creatures vanquished.

Notes
Turn   | Place    | Note
-------+----------+-------------------------------------------
     0 | D:1      | Sephro the Human Berserker began the quest for the Orb.
     0 | D:1      | Reached XP level 1. HP: 18/18 MP: 1/1
   229 | D:1      | Reached XP level 2. HP: 10/24 MP: 2/2
   811 | D:2      | Reached XP level 3. HP: 26/29 MP: 3/3
  1010 | D:2      | Reached ** piety under Trog
  1066 | D:2      | Found a white marble altar of Elyvilon.
  1136 | D:2      | Noticed Jessica
  1143 | D:2      | Killed Jessica
  1143 | D:2      | Reached XP level 4. HP: 35/35 MP: 4/4
  1627 | D:2      | Found an opulent altar of Gozag.
  1902 | D:3      | Reached XP level 5. HP: 39/42 MP: 5/5
  2028 | D:3      | Noticed Ijyb
  2038 | D:3      | Paralysed by Ijyb for 6 turns
  2046 | D:3      | Paralysed by Ijyb for 3 turns
  2052 | D:3      | Killed Ijyb
  2190 | D:3      | HP: 3/63 [orc priest/divine providence (9)]
  2198 | D:3      | HP: 2/42 [poisoned by an adder]
  2504 | D:3      | Reached XP level 6. HP: 47/48 MP: 6/6
  2823 | D:4      | Slain by a gnoll

Skill      XL: |  1  2  3  4  5 |
---------------+----------------+-----
Armour         | 3 |  3.5
Dodging        | 3 |  3.4
Fighting       | 4 |  4.2
Axes           | 4 |  4.1

Action                   |  1- 3 |  4- 6 || total
-------------------------+-------+-------++-------
Melee: Hand axe          |    84 |   153 ||   237
Invok: Berserk           |     1 |     3 ||     4
       Trog's Hand       |       |     1 ||     1
  Use: Scroll            |       |     2 ||     2
       Potion            |       |     1 ||     1
  Eat: Chunk             |     1 |     8 ||     9
Armor: Ring mail         |    56 |    47 ||   103
       Animal skin       |     6 |       ||     6
Dodge: Dodged            |    88 |   120 ||   208
